 Dungeon Crawl Stone Soup version 0.21.0-3-g78d12a8 (webtiles) character file.

37 Calypsia the Digger (level 3, -4/24 HPs)
             Began as a Formicid Earth Elementalist on Jan 9, 2018.
             Slain by a hobgoblin (5 damage)
             ... led by Robin
             ... on level 2 of the Dungeon.
             The game lasted 00:02:16 (1425 turns).

Calypsia the Digger (Formicid Earth Elementalist)   Turns: 1425, Time: 00:02:17

Health: -4/24      AC:  1    Str: 12    XL:     3   Next: 62%
Magic:  1/6        EV: 12    Int: 15    God:
Gold:   132        SH:  0    Dex: 11    Spells: 6/7 levels left

rFire    . . .     SeeInvis +   a - +0 short sword
rCold    . . .     Gourm    .   (no shield)
rNeg     . . .     Faith    .   o - -1 robe (curse)
rPois    .         Spirit   .   (helmet unavailable)
rElec    .         Reflect  .   (no cloak)
rCorr    .         Harm     .   (no gloves)
MR       .....                  (no boots)
Stlth    ++........             (no amulet)
HPRegen  0.08/turn              (no ring)
MPRegen  0.10/turn              (no ring)

@: no status effects
A: permanent stasis, dig shafts and tunnels, four strong arms, antennae 3
a: Dig, Shaft Self


You were on level 2 of the Dungeon.
You were not hungry.

You visited 1 branch of the dungeon, and saw 2 of its levels.

You collected 132 gold pieces.

Inventory:

Hand Weapons
 a - a +0 short sword (weapon)
Missiles
 b - 30 stones (quivered)
Armour
 c - a +0 robe
 o - a cursed -1 robe (worn)
Scrolls
 g - 2 scrolls of random uselessness {unknown}
 j - a scroll of immolation {unknown}
 l - 2 scrolls of identify {unknown}
 m - a scroll of teleportation {unknown}
Potions
 f - 2 potions of might {unknown}
 h - a potion of magic {unknown}
 i - 2 potions of curing {unknown}
 n - 2 potions of degeneration {unknown}
Books
 e - a book of Geomancy

   Spells                             Type                      Level
   a - Sandblast                      Earth                        1
   b - Passwall                       Transmutation/Earth          2
   c - Stone Arrow                    Conjuration/Earth            3
   d - Petrify                        Transmutation/Earth          4
   e - Lee's Rapid Deconstruction     Earth                        5
Comestibles
 d - 2 rations


   Skills:
 + Level 0.9 Short Blades
 - Level 1.7 Dodging
 + Level 3.0 Stealth
 + Level 2.6 Spellcasting
   Level 1.1 Transmutations
 * Level 4.4 Earth Magic


You had 6 spell levels left.
You knew the following spells:

 Your Spells              Type           Power        Failure   Level  Hunger
a - Sandblast             Erth           ###...       3%          1    #......


Dungeon Overview and Level Annotations

Branches:
Dungeon (2/15)

Altars:

Annotations:
D:2 Robin


Innate Abilities, Weirdness & Mutations

You cannot be hasted, slowed, berserked, paralysed or teleported.
You can dig through walls and to a lower floor.
Your four strong arms can wield two-handed weapons with a shield.
You have a pair of large antennae on your head. (SInv)


Message History

You hit the hobgoblin but do no damage. The hobgoblin closely misses you.
You hit the hobgoblin but do no damage.
Robin roars a battlecry!
The hobgoblin goes into a battle-frenzy!
The hobgoblin closely misses you.
A goblin comes into view. It is wielding a dagger.
The goblin shouts!
You barely miss the hobgoblin.
The goblin shouts!
You hear a shout!
The hobgoblin barely misses you.
You barely miss the hobgoblin. The hobgoblin hits you.
You closely miss the hobgoblin. The hobgoblin hits you!
* * * LOW HITPOINT WARNING * * *
Robin throws the goblin at you!
* * * LOW HITPOINT WARNING * * *
The goblin closely misses you.
You hit the goblin.
You kill the goblin!
The hobgoblin hits you.
You die...

#.####.#
########.#
.........#
#######..####.#
##......#
#..######
#.......#
#...###)#
#...###@#
#....##g#
########.#..##g#
#........#...#)#
#.########..{#g##
.........{ggg#
....####.....# #
#.)...# { #.....#


You could see Robin, 2 hobgoblins and 3 goblins.

Vanquished Creatures
  An adder (D:2)
  A worm (D:2)
  2 leopard geckos
  2 bats (D:1)
  2 giant cockroaches
  6 goblins
  2 hobgoblins
  A frilled lizard (D:2)
  3 kobolds
  3 rats (D:1)
23 creatures vanquished.

Notes
Turn   | Place    | Note
-------+----------+-------------------------------------------
     0 | D:1      | Calypsia the Formicid Earth Elementalist began the quest for the Orb.
     0 | D:1      | Reached XP level 1. HP: 13/13 MP: 3/3
   367 | D:1      | Reached XP level 2. HP: 19/19 MP: 1/5
   551 | D:1      | Reached skill level 4 in Earth Magic
  1106 | D:2      | Reached XP level 3. HP: 18/24 MP: 3/6
  1395 | D:2      | Noticed Robin
  1424 | D:2      | HP: 1/24 [Robin/goblin (2)]
  1425 | D:2      | Slain by a hobgoblin

Skill      XL: |  1  2  3 |
---------------+----------+-----
Earth Magic    | 4 |  4.4
Stealth        | 3 |  3.0
Short Blades   | |  0.9
Dodging        | |  1.7
Spellcasting   | |  2.6
Transmutations | |  1.1

Action                   || total
-------------------------++-------
Melee: Unarmed           ||    12
       Short sword       ||    22
 Cast: Sandblast         ||    26
 Stab: Sleeping          ||     2
  Eat: Chunk             ||     2
Armor: Robe              ||     8
Dodge: Dodged            ||    30
